Map: Scythe of Amon

Players

FatalSausage

  • Race: Protoss Protoss
  • Spawn Location: 5:00

NamroodTuo

  • Race: Zerg Zerg

VOD

Have the link to the VOD?

Description

Time

  • Played on: Jan. 20, 2023, 1:05 p.m.
  • Length: 18:16
Show
View Real Time Build Order
Export as new Build Order

FatalSausage Protoss 

Build Orders:  

Get SALT Encoding   

  12  0:03  Probe (Chrono Boost)  
  13  0:17  Probe (Chrono Boost)  
  14  0:36  Pylon  
  14  0:41  Probe (Chrono Boost)  
  14  0:46  Pylon  
  15  1:01  Probe (Chrono Boost)  
  16  1:11  Gateway  
  16  1:15  Probe (Chrono Boost)  
  17  1:29  Probe (Chrono Boost)  
  18  1:33  Assimilator  
  18  1:43  Probe (Chrono Boost)  
  18  1:49  Forge  
  19  1:56  Probe (Chrono Boost)  
  20  2:10  Probe (Chrono Boost)  
  20  2:14  Pylon  
  21  2:22  Cybernetics Core  
  21  2:27  Probe (Chrono Boost)  
  22  2:40  Assimilator  
  22  2:41  Probe (Chrono Boost)  
  23  2:55  Probe (Chrono Boost)  
  23  2:58  Pylon  
  24  3:09  Probe (Chrono Boost)  
  25  3:14  Zealot  
  27  3:22  Zealot  
  27  3:23  Probe (Chrono Boost)  
  30  3:34  Dragoon  
  30  3:36  Probe (Chrono Boost)  
  33  4:14  Stargate  
  33  4:26  Gateway  
  33  4:57  Zealot  
  33  4:58  Zealot x2  
  39  5:05  Probe (Chrono Boost)  
  40  5:27  Forge  
  40  5:29  Cybernetics Core  
  40  5:33  Pylon  
  40  5:34  Pylon  
  40  5:37  Pylon  
  40  5:38  Zealot  
  40  5:39  Zealot  
  44  5:48  Phoenix  
  46  6:00  Stargate  
  46  6:19  Stargate  
  46  6:23  Pylon  
  46  6:30  Protoss Ground Weapons Level 1  
  46  6:59  Phoenix  
  48  7:08  Zealot  
  48  7:09  Zealot  
  50  7:12  Zealot  
  44  7:59  Zealot  
  32  8:00  Zealot x2  
  28  8:29  Zealot  
  29  8:30  Zealot  
  29  8:31  Zealot  
  29  8:33  Dragoon  
  33  8:53  Probe (Chrono Boost)  
  32  9:09  Protoss Air Armor Level 1, Protoss Air Weapons Level 1  
  32  9:13  Protoss Ground Armor Level 1  
  32  9:22  Twilight Council  
  32  9:28  Gateway  
  32  9:33  Gateway  
  30  10:09  Zealot x2  
  34  10:10  Dragoon, Zealot  
  34  10:11  Dragoon x2  
  36  10:49  Nexus  
  36  10:56  Pylon  
  36  11:03  Probe (Chrono Boost)  
  37  11:17  Probe (Chrono Boost)  
  38  11:20  Assimilator  
  38  11:27  Assimilator  
  38  11:31  Probe (Chrono Boost)  
  39  11:45  Probe (Chrono Boost)  
  40  11:59  Phoenix, Probe (Chrono Boost)  
  42  12:05  Phoenix  
  45  12:13  Probe (Chrono Boost)  
  45  12:18  Phoenix  
  48  12:27  Probe (Chrono Boost)  
  48  12:29  Phoenix  
  51  12:34  Probe (Chrono Boost)  
  52  12:41  Probe (Chrono Boost)  
  52  12:48  Probe (Chrono Boost)  
  54  12:54  Probe (Chrono Boost)  
  55  13:02  Probe (Chrono Boost)  
  55  13:08  Probe (Chrono Boost)  
  57  13:12  Zealot  
  57  13:13  Zealot  
  57  13:15  Probe (Chrono Boost)  
  62  13:22  Probe (Chrono Boost)  
  62  13:29  Probe (Chrono Boost)  
  60  13:58  Zealot  
  60  13:59  Zealot x2  
  66  14:00  Dragoon x2  
  66  14:01  Phoenix  
  66  14:03  Phoenix  
  68  14:34  Phoenix  
  68  14:35  Phoenix  
  66  15:08  Probe x2 (Chrono Boost)  
  68  15:20  Pylon  
  68  15:22  Probe x2 (Chrono Boost)  
  68  15:23  Pylon x2  
  68  15:25  Pylon x2  
  70  15:34  Pylon  
  70  15:35  Probe (Chrono Boost)  
  70  15:36  Probe (Chrono Boost)  
  70  15:38  Pylon  
  72  15:40  Pylon  
  72  15:41  Zealot x2  
  72  15:42  Pylon  
  72  15:44  Zealot  
  72  15:45  Pylon x2  
  72  15:49  Probe (Chrono Boost)  
  79  16:16  Phoenix x3  
  79  16:17  Phoenix  
  87  16:29  Templar Archives  
  87  16:39  Charge  
  85  16:40  Fleet Beacon  
  81  17:08  Robotics Facility  
  79  17:39  Zealot  
  73  17:40  Zealot x2  
  73  17:41  Zealot  
  73  17:42  Zealot  
  73  17:44  Phoenix  
  73  17:45  Phoenix x3  
  81  17:51  Zealot  
  67  18:02  High Templar x2  
Show
View Real Time Build Order
Export as new Build Order

NamroodTuo Zerg 

Build Orders:  

Get SALT Encoding   

  12  0:04  Infested SCV  
  13  0:14  Infested SCV  
  13  0:19  Infested SCV  
  15  0:39  Infested Barracks  
  15  0:51  Overlord  
  15  1:00  Infested Refinery  
  15  1:12  Infested Refinery  
  15  1:15  Overlord  
  15  1:21  Infested SCV  
  16  1:30  Infested SCV  
  17  1:46  Infested SCV  
  17  1:47  Infested SCV  
  17  1:49  Infested Marine  
  20  1:50  Infested Marine x2  
  22  2:06  Infested Engineering Bay  
  22  2:13  Infested SCV  
  22  2:17  Infested Marine  
  22  2:19  Infested Marine  
  25  2:24  Infested SCV  
  26  2:31  Infested SCV  
  27  2:41  Overlord  
  27  2:58  Infested SCV  
  28  3:10  Infested Barracks Tech Lab  
  28  3:15  Regenerative Plating  
  28  3:22  Infested SCV  
  26  3:30  Infested SCV  
  26  3:38  Retinal Augmentation  
  27  3:49  Infested SCV  
  28  3:52  Infested Marine  
  28  3:53  Infested Marine x10  
  28  3:54  Infested Marine  
  38  4:02  Overlord  
  37  4:23  Infested Barracks  
  37  4:28  Infested SCV  
  38  4:34  Infested SCV  
  39  4:44  Plagued Munitions  
  39  4:50  Infested SCV  
  39  4:58  Stukov Infantry Weapons Level 1  
  40  5:06  Overlord  
  40  5:17  Infested Factory  
  40  5:29  Infested Marine  
  30  5:30  Infested Marine x11  
  30  5:38  Infested Marine  
  30  5:39  Infested Marine x6  
  48  5:48  Infested Marine x2  
  48  5:49  Infested Marine x5  
  50  6:47  Infested Bunker  
  54  6:57  Infested Armory  
  54  6:59  Infested SCV  
  55  7:03  Overlord  
  55  7:04  Overlord  
  55  7:06  Overlord  
  55  7:09  Infested SCV  
  41  7:22  Infested Marine  
  41  7:23  Infested Marine x11  
  47  7:38  Stukov Infantry Armor Level 1  
  47  7:47  Infested Marine  
  47  7:48  Infested Marine x10  
  47  7:49  Infested Marine x10  
  68  7:54  Infested Marine x3  
  68  7:55  Infested Marine  
  72  8:06  Infested Marine x7  
  79  8:26  Overlord  
  79  8:27  Overlord  
  79  8:28  Overlord  
  67  9:07  Infested Bunker  
  46  9:45  Infested Bunker  
  43  9:50  Infested SCV x2  
  43  9:52  Overlord  
  45  10:01  Overlord  
  43  10:25  Infested Marine  
  43  10:26  Infested Marine x19  
  63  10:41  Infested Barracks  
  63  11:25  Infested Command Center  
  63  11:31  Infested SCV x2  
  69  12:09  Infested Bunker  
  49  12:14  Infested SCV x2  
  49  12:15  Overlord  
  51  12:37  Infested Barracks  
  51  12:43  Infested Marine  
  51  12:44  Infested Marine  
  53  12:53  Infested Marine  
  53  12:54  Infested Marine x15  
  53  12:55  Infested Marine x2  
  71  13:01  Infested Marine  
  71  13:02  Infested Marine x8  
  80  13:11  Infested SCV x2  
  71  13:41  Infested Marine x3  
  71  13:42  Infested Marine x19  
  75  13:52  Infested Marine  
  75  13:53  Infested Marine x8  
  75  13:54  Infested Marine x11  
  95  14:00  Calcified Armor  
  94  14:45  Infested SCV x3  
  94  14:46  Infested SCV x2  
  99  14:54  Infested Bunker  
  103  15:03  Overlord  
  103  15:04  Overlord x2  
  103  15:05  Overlord  
  103  15:13  Infested SCV  
  103  15:19  Infested Marine x8  
  91  15:20  Infested Marine x6  
  77  15:36  Infested Marine  
  77  15:37  Infested Marine x14  
  77  15:38  Infested Marine x7  
  99  15:44  Infested Marine  
  99  15:45  Infested Marine x9  
  109  15:52  Infested SCV x2  
  109  15:53  Infested SCV  
  112  16:10  Infested Marine  
  112  16:11  Infested Marine x20  
  97  16:41  Infested Marine  
  97  16:42  Infested Marine x13  
  97  16:43  Infested Marine x21  
  118  17:24  Infested Marine x4  
  118  17:25  Infested Marine x20  
  118  17:26  Infested Marine x17  
Tags
 
Commander
ArtanisStukov
Matchup
Co-op
Replay Pack
Multiplayer
Add a new tag
Caveats
  • Supply blocks, unpowered buildings, or Contaminate may cause inaccurate times.
  • Supply counts are checked every 10 seconds.